| TOP OF THE 1ST |
|
Missoula Osprey batting - Pitching for Kingsport Mets : LHP David Salcido
|
|
Pitching: LHP David Salcido
|
|
|
Batting: RHB Mike Smith
|
0-0: Ball 1-0: Ball 2-0: Ball 3-0: Called Strike 3-1: Base on Balls
|
|
Batting: RHB Hector Tabares
|
0-0: Swinging Strike 0-1: Foul Ball, location: 2F 0-2: Strikes out swinging
|
|
Batting: LHB Danny Salas
|
0-0: Ball 1-0: Ball 2-0: Called Strike 2-1: Ball Mike Smith steals 2nd base 3-1: Fly out, F9 (Flyball, 9LM, EV 95.6 MPH) Runner from 2nd tags up, SAFE at 3rd, no throw by RF
|
|
Batting: LHB Ron Mills
|
0-0: Ball 1-0: Ball 2-0: Foul Ball, location: 2F 2-1: Fly out, F9 (Flyball, 9S, EV 88.1 MPH)
|
| Top of the 1st over - 0 runs, 0 hits, 0 errors, 1 left on base; Missoula 0 - Kingsport 0 |
| BOTTOM OF THE 1ST |
|
Kingsport Mets batting - Pitching for Missoula Osprey : RHP Victor Cisneros
|
|
Pitching: RHP Victor Cisneros
|
|
|
Batting: RHB Michael Youngberry
|
0-0: Ground out 5-3 (Groundball, 56S, EV 85.0 MPH)
|
|
Batting: RHB Artyom Shavkunov
|
0-0: Ball 1-0: Called Strike 1-1: Ball 2-1: Foul Ball, location: 2F 2-2: Ball 3-2: Foul Ball, location: 2F 3-2: Foul Ball, location: 2F 3-2: Ground out 4-3 (Groundball, 4, EV 85.6 MPH)
|
|
Batting: SHB Nick Daigle
|
0-0: Ball 1-0: Foul Ball, location: 2F 1-1: Ball 2-1: Ball 3-1: Base on Balls
|
|
Batting: SHB Tyler Maddux
|
0-0: Ball 1-0: Ball Nick Daigle is caught stealing 2nd base 2-6
|
| Bottom of the 1st over - 0 runs, 0 hits, 0 errors, 0 left on base; Missoula 0 - Kingsport 0 |
| TOP OF THE 2ND |
|
Missoula Osprey batting - Pitching for Kingsport Mets : LHP David Salcido
|
|
Batting: RHB Jimmy McIntosh
|
0-0: Swinging Strike 0-1: Called Strike 0-2: Foul Ball, location: 2F 0-2: Ball 1-2: Ball 2-2: Ground out 6-3 (Groundball, 6, EV 105.0 MPH)
|
|
Batting: RHB Claude Leduc
|
0-0: Hit by Pitch
|
|
Batting: RHB Juan Mejia
|
0-0: Called Strike 0-1: Ball 1-1: Ball 2-1: Ball 3-1: Foul Ball, location: 2F 3-2: Foul Ball, location: 2F 3-2: Base on Balls Claude Leduc to second
|
|
Batting: RHB Jose Cuellar
|
0-0: Called Strike 0-1: Swinging Strike 0-2: Strikes out swinging
|
|
Batting: RHB Hyeok Shon
|
0-0: Ball 1-0: Called Strike 1-1: Ball 2-1: Ball 3-1: Base on Balls Claude Leduc to third Juan Mejia to second
|
|
Batting: RHB Mike Smith
|
0-0: Called Strike 0-1: Ball 1-1: Ball 2-1: Ball 3-1: Called Strike 3-2: SINGLE (Groundball, 56S, EV 73.1 MPH) (infield hit) Claude Leduc scores Juan Mejia to third Hyeok Shon to second
|
|
Batting: RHB Hector Tabares
|
0-0: Foul Ball, location: 2F 0-1: Foul Ball, location: 2F 0-2: Strikes out looking
|
| Top of the 2nd over - 1 run, 1 hit, 0 errors, 3 left on base; Missoula 1 - Kingsport 0 |
| BOTTOM OF THE 2ND |
|
Kingsport Mets batting - Pitching for Missoula Osprey : RHP Victor Cisneros
|
|
Batting: SHB Tyler Maddux
|
0-0: Called Strike 0-1: Ball 1-1: SINGLE (Groundball, 4M, EV 107.5 MPH)
|
|
Batting: RHB Bill Crogan
|
Pickoff Play to 1st, Runner tries for 2nd, OUT after rundown. 0-0: Foul Ball, location: 2F 0-1: Foul Ball, location: 2F 0-2: Strikes out swinging
|
|
Batting: RHB Enrique Aguirre
|
0-0: Called Strike 0-1: Ball 1-1: Foul Ball, location: 2F 1-2: Strikes out swinging
|
| Bottom of the 2nd over - 0 runs, 1 hit, 0 errors, 0 left on base; Missoula 1 - Kingsport 0 |
| TOP OF THE 3RD |
|
Missoula Osprey batting - Pitching for Kingsport Mets : LHP David Salcido
|
|
Batting: LHB Danny Salas
|
0-0: Foul Ball, location: 2F 0-1: Swinging Strike 0-2: Foul Ball, location: 2F 0-2: Ground out U3 (Groundball, 3, EV 83.8 MPH)
|
|
Batting: LHB Ron Mills
|
0-0: Ball 1-0: Foul Ball, location: 2F 1-1: DOUBLE (Groundball, 3L, EV 93.8 MPH)
|
|
Batting: RHB Jimmy McIntosh
|
0-0: Ground out 5-3 (Groundball, 56S, EV 88.1 MPH)
|
|
Batting: RHB Claude Leduc
|
0-0: Called Strike 0-1: SINGLE (Groundball, 56D, EV 101.2 MPH) Ron Mills to third Runner from 3rd tries for Home, throw by LF and OUT! 7-2
|
| Top of the 3rd over - 0 runs, 2 hits, 0 errors, 1 left on base; Missoula 1 - Kingsport 0 |
| BOTTOM OF THE 3RD |
|
Kingsport Mets batting - Pitching for Missoula Osprey : RHP Victor Cisneros
|
|
Batting: RHB J.D. Brese
|
0-0: Called Strike 0-1: Ball 1-1: Ball 2-1: Ball 3-1: Called Strike 3-2: Foul Ball, location: 2F 3-2: Reached on error, E1 (Groundball, 25, EV 75.0 MPH)
|
|
Batting: SHB Adonis Jones
|
0-0: Foul Ball, location: 2F 0-1: Ball 1-1: Ball 2-1: DOUBLE (Line Drive, 89XD, EV 108.8 MPH) J.D. Brese scores
|
|
Batting: RHB Chris Graham
|
0-0: Called Strike 0-1: Ball 1-1: Swinging Strike 1-2: Strikes out looking
|
|
Batting: RHB Michael Youngberry
|
0-0: Ball 1-0: Ball 2-0: Called Strike 2-1: Ground out 1-3 (Groundball, 34S, EV 63.1 MPH) Adonis Jones to third
|
|
Batting: RHB Artyom Shavkunov
|
0-0: SINGLE (Groundball, 56D, EV 103.8 MPH) Adonis Jones scores
|
|
Batting: SHB Nick Daigle
|
0-0: Ball 1-0: Ball 2-0: Ball 3-0: Base on Balls Artyom Shavkunov to second
|
|
Batting: SHB Tyler Maddux
|
0-0: Called Strike 0-1: Called Strike 0-2: Foul Ball, location: 2F 0-2: Foul Ball, location: 2F 0-2: Ground out U3 (Groundball, 3, EV 107.5 MPH)
|
| Bottom of the 3rd over - 2 runs, 2 hits, 1 error, 2 left on base; Missoula 1 - Kingsport 2 |
| TOP OF THE 4TH |
|
Missoula Osprey batting - Pitching for Kingsport Mets : LHP David Salcido
|
|
Batting: RHB Juan Mejia
|
0-0: Ball 1-0: Foul Ball, location: 2F 1-1: Swinging Strike 1-2: Ball 2-2: Strikes out looking
|
|
Batting: RHB Jose Cuellar
|
0-0: Ball 1-0: Ball 2-0: Called Strike 2-1: Foul Ball, location: 2F 2-2: Strikes out looking
|
|
Batting: RHB Hyeok Shon
|
0-0: Ball 1-0: Foul Ball, location: 2F 1-1: Swinging Strike 1-2: Ball 2-2: SINGLE (Groundball, 34D, EV 94.4 MPH)
|
|
Batting: RHB Mike Smith
|
0-0: Ball 1-0: Ball 2-0: Ball Hyeok Shon is caught stealing 2nd base 2-4
|
| Top of the 4th over - 0 runs, 1 hit, 0 errors, 0 left on base; Missoula 1 - Kingsport 2 |
| BOTTOM OF THE 4TH |
|
Kingsport Mets batting - Pitching for Missoula Osprey : RHP Victor Cisneros
|
|
Batting: RHB Bill Crogan
|
0-0: Ball 1-0: Foul Ball, location: 2F 1-1: Ball 2-1: Ball 3-1: Foul Ball, location: 2F 3-2: Foul Ball, location: 2F 3-2: Base on Balls
|
|
Batting: RHB Enrique Aguirre
|
0-0: Foul Ball, location: 2F 0-1: Ball 1-1: Ball 2-1: Called Strike 2-2: Ball 3-2: Base on Balls Bill Crogan to second
|
|
Batting: RHB J.D. Brese
|
0-0: Called Strike 0-1: Fielders Choice at 2nd, 5-4 (Groundball, 56S, EV 86.9 MPH) Bill Crogan to third
|
|
Batting: SHB Adonis Jones
|
0-0: Called Strike 0-1: Ball 1-1: Ball 2-1: 3-RUN HOME RUN (Flyball, 9D, EV 95.6 MPH), Distance : 364 ft
|
|
Batting: RHB Chris Graham
|
0-0: Ball 1-0: Called Strike 1-1: Called Strike 1-2: Foul Ball, location: 2F 1-2: Foul Ball, location: 2F 1-2: Ball 2-2: Ball 3-2: Base on Balls
|
|
Batting: RHB Michael Youngberry
|
0-0: Grounds into double play, 4-6-3 (Groundball, 4S, EV 88.1 MPH)
|
| Bottom of the 4th over - 3 runs, 1 hit, 0 errors, 0 left on base; Missoula 1 - Kingsport 5 |
| TOP OF THE 5TH |
|
Missoula Osprey batting - Pitching for Kingsport Mets : LHP David Salcido
|
|
Batting: RHB Mike Smith
|
0-0: Ball 1-0: Called Strike 1-1: Ball 2-1: Called Strike 2-2: Foul Ball, location: 2F 2-2: Foul Ball, location: 2F 2-2: Ball 3-2: Foul Ball, location: 2F 3-2: Foul Ball, location: 2F 3-2: SOLO HOME RUN (Flyball, 7D, EV 98.1 MPH), Distance : 375 ft
|
|
Batting: RHB Hector Tabares
|
0-0: Foul Ball, location: 2F 0-1: Fly out, F8 (Flyball, 8LD, EV 101.2 MPH)
|
|
Batting: LHB Danny Salas
|
0-0: Ball 1-0: Fly out, F7 (Flyball, 7D, EV 90.6 MPH)
|
|
Batting: LHB Ron Mills
|
0-0: Called Strike 0-1: Fly out, F8 (Line Drive, 8LM, EV 99.4 MPH)
|
| Top of the 5th over - 1 run, 1 hit, 0 errors, 0 left on base; Missoula 2 - Kingsport 5 |
| BOTTOM OF THE 5TH |
|
Kingsport Mets batting - Pitching for Missoula Osprey : RHP Victor Cisneros
|
|
Batting: RHB Artyom Shavkunov
|
0-0: Ball 1-0: SINGLE (Groundball, 34D, EV 94.4 MPH)
|
|
Batting: SHB Nick Daigle
|
0-0: Called Strike 0-1: Ball 1-1: Called Strike 1-2: Ball 2-2: Ball 3-2: Base on Balls Artyom Shavkunov to second
|
|
Batting: SHB Tyler Maddux
|
0-0: Ball 1-0: Ball 2-0: Called Strike 2-1: Called Strike 2-2: Ball 3-2: Foul Ball, location: 2F 3-2: Fly out, F8 (Flyball, 89D, EV 100.0 MPH)
|
|
Batting: RHB Bill Crogan
|
0-0: Foul Ball, location: 2F 0-1: Foul Ball, location: 2F 0-2: Ball 1-2: Ball 2-2: Ball 3-2: Base on Balls Artyom Shavkunov to third Nick Daigle to second
|
|
Batting: RHB Enrique Aguirre
|
0-0: Ball Wild Pitch! Artyom Shavkunov scores Nick Daigle to third Bill Crogan to second 1-0: Ball 2-0: Ball 3-0: Base on Balls
|
|
Pitching: RHP Jon Wernli
|
|
|
Batting: RHB J.D. Brese
|
0-0: Ball 1-0: Called Strike 1-1: Grounds into double play, 6-4-3 (Groundball, 6M, EV 80.0 MPH)
|
| Bottom of the 5th over - 1 run, 1 hit, 0 errors, 2 left on base; Missoula 2 - Kingsport 6 |
| TOP OF THE 6TH |
|
Missoula Osprey batting - Pitching for Kingsport Mets : LHP David Salcido
|
|
Pitching: RHP Ruben Lozano
|
|
|
Batting: RHB Jimmy McIntosh
|
0-0: Ball 1-0: Called Strike 1-1: Foul Ball, location: 2F 1-2: Foul Ball, location: 2F 1-2: DOUBLE (Line Drive, 9LD, EV 113.1 MPH)
|
|
Batting: RHB Claude Leduc
|
0-0: SINGLE (Groundball, 6D, EV 97.5 MPH) Jimmy McIntosh to third
|
|
Batting: RHB Juan Mejia
|
0-0: Called Strike 0-1: Ball Claude Leduc steals 2nd base 1-1: Ball 2-1: Called Strike 2-2: Foul Ball, location: 2F 2-2: Ball 3-2: Base on Balls
|
|
Batting: RHB Jose Cuellar
|
0-0: Ball 1-0: Ball Wild Pitch! Jimmy McIntosh scores Claude Leduc to third Juan Mejia to second 2-0: Called Strike 2-1: Called Strike 2-2: Foul Ball, location: 2F 2-2: Ball 3-2: Fly out, F8 (Flyball, 8RXD, EV 101.9 MPH) Runner from 3rd tags up, SCORES, no throw by CF Juan Mejia to third
|
|
Batting: RHB Hyeok Shon
|
0-0: Called Strike 0-1: Swinging Strike 0-2: Ball 1-2: Ball 2-2: Foul Ball, location: 2F 2-2: Ball 3-2: Ground out U3 (Groundball, 34, EV 101.2 MPH) Juan Mejia scores
|
|
Pitching: LHP Nestor Donato
|
|
|
Batting: RHB Mike Smith
|
0-0: Ball 1-0: Foul Ball, location: 2F 1-1: Called Strike 1-2: Ball 2-2: TRIPLE (Line Drive, 9LD, EV 101.9 MPH)
|
|
Batting: RHB Hector Tabares
|
0-0: Foul Ball, location: 2F 0-1: Called Strike 0-2: Foul Ball, location: 2F 0-2: Fly out, F9 (Line Drive, 89D, EV 95.0 MPH)
|
| Top of the 6th over - 3 runs, 3 hits, 0 errors, 1 left on base; Missoula 5 - Kingsport 6 |
| BOTTOM OF THE 6TH |
|
Kingsport Mets batting - Pitching for Missoula Osprey : RHP Jon Wernli
|
|
Batting: SHB Adonis Jones
|
0-0: Called Strike 0-1: Fly out, F7 (Line Drive, 78S, EV 91.2 MPH)
|
|
Batting: RHB Chris Graham
|
0-0: Called Strike 0-1: Ball 1-1: Ball 2-1: Ball 3-1: Base on Balls
|
|
Batting: RHB Michael Youngberry
|
0-0: Ball 1-0: Foul Ball, location: 2F 1-1: Called Strike 1-2: Ball 2-2: Strikes out swinging
|
|
Batting: RHB Artyom Shavkunov
|
0-0: Ball 1-0: Swinging Strike 1-1: Foul Ball, location: 2F 1-2: SINGLE (Groundball, 56D, EV 101.2 MPH) Chris Graham to second
|
|
Batting: SHB Nick Daigle
|
0-0: Swinging Strike 0-1: Foul Ball, location: 2F 0-2: Foul Ball, location: 2F 0-2: Ball 1-2: Foul Ball, location: 2F 1-2: Ball 2-2: Ball 3-2: 3-RUN HOME RUN (Flyball, 9D, EV 98.1 MPH), Distance : 364 ft
|
|
Pitching: LHP Ian Tamburrino
|
|
|
Batting: SHB Tyler Maddux
|
0-0: Ball 1-0: Ball 2-0: Ball 3-0: Called Strike 3-1: SINGLE (Line Drive, 4MD, EV 98.8 MPH)
|
|
Batting: RHB Bill Crogan
|
0-0: Called Strike 0-1: Swinging Strike 0-2: Strikes out swinging
|
| Bottom of the 6th over - 3 runs, 3 hits, 0 errors, 1 left on base; Missoula 5 - Kingsport 9 |
| TOP OF THE 7TH |
|
Missoula Osprey batting - Pitching for Kingsport Mets : LHP Nestor Donato
|
|
Batting: LHB Danny Salas
|
0-0: Called Strike 0-1: Foul Ball, location: 2F 0-2: Fly out, F7 (Flyball, 7S, EV 91.2 MPH)
|
|
Batting: LHB Ron Mills
|
0-0: Called Strike 0-1: Foul Ball, location: 2F 0-2: Ground out 4-3 (Groundball, 34, EV 107.5 MPH)
|
|
Batting: RHB Jimmy McIntosh
|
0-0: Ball 1-0: Called Strike 1-1: Ball 2-1: Called Strike 2-2: Foul Ball, location: 2F 2-2: Ball 3-2: Base on Balls
|
|
Batting: RHB Claude Leduc
|
0-0: Called Strike 0-1: Ball 1-1: Called Strike 1-2: Fly out, F8 (Flyball, 78S, EV 87.5 MPH)
|
| Top of the 7th over - 0 runs, 0 hits, 0 errors, 1 left on base; Missoula 5 - Kingsport 9 |
| BOTTOM OF THE 7TH |
|
Kingsport Mets batting - Pitching for Missoula Osprey : LHP Ian Tamburrino
|
|
Batting: RHB Enrique Aguirre
|
0-0: Called Strike 0-1: Called Strike 0-2: Ball 1-2: Strikes out looking
|
|
Batting: RHB J.D. Brese
|
0-0: Called Strike 0-1: Ball 1-1: Foul Ball, location: 2F 1-2: Foul Ball, location: 2F 1-2: Ball 2-2: Strikes out swinging
|
|
Batting: SHB Adonis Jones
|
0-0: Ball 1-0: Called Strike 1-1: Ball 2-1: Swinging Strike 2-2: Foul Ball, location: 2F 2-2: Strikes out swinging
|
| Bottom of the 7th over - 0 runs, 0 hits, 0 errors, 0 left on base; Missoula 5 - Kingsport 9 |
| TOP OF THE 8TH |
|
Missoula Osprey batting - Pitching for Kingsport Mets : LHP Nestor Donato
|
|
Batting: RHB Juan Mejia
|
0-0: Called Strike 0-1: Called Strike 0-2: Strikes out swinging wild pitch, reaches first!
|
|
Batting: RHB Jose Cuellar
|
0-0: Called Strike 0-1: Swinging Strike 0-2: Ball 1-2: Strikes out swinging
|
|
Batting: RHB Hyeok Shon
|
0-0: Ball 1-0: SINGLE (Groundball, 34D, EV 104.4 MPH) Juan Mejia to second
|
|
Pitching: LHP Tony Diaz
|
|
|
Batting: RHB Mike Smith
|
0-0: Ball 1-0: Fly out, F8 (Flyball, 8RD, EV 88.1 MPH) Runner from 2nd tags up, OUT at 3rd! 8-5
|
| Top of the 8th over - 0 runs, 1 hit, 0 errors, 1 left on base; Missoula 5 - Kingsport 9 |
| BOTTOM OF THE 8TH |
|
Kingsport Mets batting - Pitching for Missoula Osprey : LHP Ian Tamburrino
|
|
Batting: RHB Chris Graham
|
0-0: Ground out 6-3 (Groundball, 6, EV 101.9 MPH)
|
|
Batting: RHB Michael Youngberry
|
0-0: Ground out 4-3 (Groundball, 4, EV 81.2 MPH)
|
|
Batting: RHB Artyom Shavkunov
|
0-0: Ball 1-0: Ground out 6-3 (Groundball, 6, EV 81.9 MPH)
|
| Bottom of the 8th over - 0 runs, 0 hits, 0 errors, 0 left on base; Missoula 5 - Kingsport 9 |
| TOP OF THE 9TH |
|
Missoula Osprey batting - Pitching for Kingsport Mets : LHP Tony Diaz
|
|
Batting: RHB Hector Tabares
|
0-0: Fly out, F9 (Flyball, 9D, EV 83.8 MPH)
|
|
Batting: LHB Danny Salas
|
0-0: Ball 1-0: Fly out, F9 (Flyball, 9LS, EV 76.2 MPH)
|
|
Batting: LHB Ron Mills
|
0-0: Ball 1-0: Called Strike 1-1: Foul Ball, location: 2F 1-2: Ball 2-2: Strikes out looking
|
| Top of the 9th over - 0 runs, 0 hits, 0 errors, 0 left on base; Missoula 5 - Kingsport 9 |
|